 Dungeon Crawl Stone Soup version 0.31.0-11-ge490571c62 (webtiles) character file.

Game seed: 16300212754614304181

51 qw the Shooter (level 3, 0/20 HPs)
             Began as a Deep Elf Hunter on Feb 5, 2024.
             Killed from afar by Sigmund (7 damage)
             ... with a magic dart
             ... on level 2 of the Dungeon.
             The game lasted 00:00:35 (1120 turns).

qw the Shooter (Deep Elf Hunter)                    Turns: 1120, Time: 00:00:36

Health: 0/20       AC:  4    Str: 10    XL:     3   Next: 58%
Magic:  5/5        EV: 12    Int: 13    God:
Gold:   110        SH:  0    Dex: 18    Spells: 2/2 levels left

rFire   . . .        a - +3 shortbow
rCold   . . .        (shield currently unavailable)
rNeg    . . .        c - +0 leather armour
rPois   .            (no helmet)
rElec   .            (no cloak)
rCorr   .            g - +0 pair of gloves
SInv    .            (no boots)
Will    .....        (no amulet)
Stlth   ++           (no ring)
HPRegen 0.23/turn    (no ring)
MPRegen 0.09/turn

%: no passive effects
@: no status effects
A: no striking features
a: no special abilities


You were on level 2 of the Dungeon.
You visited 1 branch of the dungeon, and saw 2 of its levels.

You collected 110 gold pieces.


   Skills:
 - Level 1.5 Fighting
 + Level 7.1 Ranged Weapons
 - Level 2.4 Dodging
 - Level 1.2 Stealth


You had 2 spell levels left.
You didn't know any spells.
Your spell library was empty.

Inventory:

Hand Weapons
 a - a +3 shortbow (weapon)
Armour
 c - a +0 leather armour (worn)
 e - a +0 helmet
 g - a +0 pair of gloves (worn)
Potions
 b - a potion of brilliance {unknown}
 d - 4 potions of invisibility {unknown}
 f - a potion of berserk rage {unknown}
 i - a potion of ambrosia {unknown}
 j - a potion of heal wounds {unknown}

Dungeon Overview and Level Annotations

Branches:
Dungeon (2/15)

Altars:

Annotations:
D:2 Sigmund


Message History

A rat comes into view.
You shoot an arrow. The arrow hits the rat.
You kill the rat!
Found 6 stones.
You see here 6 stones.
You now have 103 gold pieces (gained 11).
You now have 110 gold pieces (gained 7).
f - a golden potion You see here a +0 short sword.
Found a stone staircase leading down.
Sigmund the Dreaded comes into view.
He is wielding a +0 scythe.
You shoot an arrow. The arrow hits Sigmund.
Sigmund shouts!
Sigmund is lightly wounded.
You shoot an arrow. The arrow hits Sigmund.
Sigmund is moderately wounded.
Sigmund hits you but does no damage.
You shoot an arrow. The arrow closely misses Sigmund.
You shoot an arrow. The arrow closely misses Sigmund.
Sigmund hits you but does no damage.
You shoot an arrow. The arrow closely misses Sigmund.
Sigmund flickers, as though insubstantial.
Sigmund casts a spell at you.
You are confused.
Sigmund hits you but does no damage. Sigmund casts a spell at you.
The puff of flame hits you. Sigmund barely misses you.
Sigmund closely misses you.
You feel less confused.
Sigmund hits you from afar with a +0 scythe!
You shoot an arrow. The arrow hits Sigmund!
Sigmund is heavily wounded.
You shoot an arrow. The arrow hits Sigmund.
Sigmund is severely wounded.
Sigmund screams, "Only death can liberate you!"
Sigmund gestures at you while chanting. The magic dart hits you!
You die...
Sigmund begins carving another notch in his scythe.

### ## ###### # #>... #..... #
##.#. ##.#### # ..@ #....##
###### ##.## #..#.## .....# #.@.#
#######..#.## .###.# #..<#
#............ .###.##### #...#
#.#####...... .........# #...#
#.#####..###. .###.###.#
#...###.##......... .###.###.#
#..........##..#...
.#.......######...###.#..##..#.#.
##.#.##..........................
#.#..#..................#####.#.


You could see Sigmund.

Vanquished Creatures
  2 adders (D:2)
  An endoplasm (D:1)
  8 jackals
  4 kobolds
  A quokka (D:1)
  2 ball pythons (D:1)
  5 bats
  2 frilled lizards (D:1)
  3 goblins
  3 rats
31 creatures vanquished.

Notes
Turn   | Place    | Note
-------+----------+-------------------------------------------
     0 | D:1      | qw the Deep Elf Hunter began the quest for the Orb.
     0 | D:1      | Reached XP level 1. HP: 12/12 MP: 3/3
     0 | D:1      | 0 ||| qw: Version: 0.3-a-160-g6735b56
     0 | D:1      | 0 ||| qw: Game counter: 6283
     0 | D:1      | 0 ||| qw: Melee chars always use a shield: true
     0 | D:1      | 0 ||| qw: God list: Okawaru
     0 | D:1      | 0 ||| qw: Allow faded altars: false
     0 | D:1      | 0 ||| qw: Do Orc after clearing Dungeon:15 true
     0 | D:1      | 0 ||| qw: Do second Lair branch before Depths: true
     0 | D:1      | 0 ||| qw: Lair rune preference: random
     0 | D:1      | 0 ||| qw: Goals: Normal
     0 | D:1      | 0 ||| PLANNING D:1-11
   214 | D:1      | Reached XP level 2. HP: 16/16 MP: 4/4
   216 | D:1      | Reached skill level 6 in Ranged Weapons
   638 | D:1      | 638 ||| UPGRADING to +0 pair of gloves.
   643 | D:1      | 643 ||| DROPPING amulet of magic regeneration.
   644 | D:1      | 644 ||| READING 3 scrolls labelled HUILIN CIETAI.
   644 | D:1      | 644 ||| ENCHANTING +0 shortbow.
   645 | D:1      | 645 ||| READING 2 scrolls of enchant weapon.
   645 | D:1      | 645 ||| ENCHANTING +1 shortbow.
   646 | D:1      | 646 ||| READING scroll of enchant weapon.
   646 | D:1      | 646 ||| ENCHANTING +2 shortbow.
   647 | D:1      | 647 ||| READING scroll labelled AXIRAY PAOCS.
   647 | D:1      | 647 ||| IDENTIFYING fuming purple potion
   648 | D:1      | 648 ||| DROPPING scroll of butterflies.
   777 | D:2      | Reached XP level 3. HP: 20/20 MP: 5/5
   950 | D:2      | HP: 2/20 [adder (4)]
   952 | D:2      | Reached skill level 7 in Ranged Weapons
   952 | D:2      | 952 ||| DRINKING potion of curing.
   952 | D:2      | 952 ||| (to cure poison)
  1107 | D:2      | Noticed Sigmund
  1120 | D:2      | Killed from afar by Sigmund

Levels and vault maps discovered:
D:1:      heliophobic_arrival_ceremonial_halls, layout_basic,
          nrook_mini_backslash, glass_columns_a
D:2:      layout_loops_cross, uniq_sigmund

Skill      XL: |  1  2  3 |
---------------+----------+-----
Ranged Weapons | 6 7 |  7.1
Fighting       | |  1.5
Dodging        | |  2.4
Stealth        | |  1.2

Action                     || total
---------------------------++-------
   Fire: Shortbow          ||    78
    Use: Scroll            ||     4
         Potion            ||     1
 Armour: Leather armour    ||    13
  Dodge: Dodged            ||    23

Table legend:
 A = Non-vault XP
 B = Vault XP
 C = Vault XP percentage of total XP
 D = Non-vault monster count
 E = Vault monster count
 F = Vault count percentage of total count
                 A         B        C        D         E       F
            +---------+---------+-------+---------+---------+-------
      Total |      74 |       0 |   0.0 |      31 |       0 |   0.0
            +---------+---------+-------+---------+---------+-------
        D:1 |      25 |       0 |   0.0 |      16 |       0 |   0.0
        D:2 |      49 |       0 |   0.0 |      15 |       0 |   0.0
            +---------+---------+-------+---------+---------+-------
